 Dungeon Crawl Stone Soup version 0.20.0-10-g0535bb4 (webtiles) character file.

75387 Fenrisulfr the Fencer (level 15, 0/238 HPs)
             Began as a Pale Draconian Berserker on June 3, 2017.
             Was a High Priest of Trog.
             Slain by Fenrisulfr's illusion (2 damage)
             ... woven by Mara
             ... on level 4 of the Swamp.
             The game lasted 01:44:29 (23033 turns).

Fenrisulfr the Fencer (Pale Draconian Berserker)   Turns: 23033, Time: 01:44:30

Health: 0/238      AC: 20    Str: 25    XL:     15   Next: 9%
Magic:  0/15       EV:  2    Int: 10    God:    Trog [*****.]
Gold:   1520       SH:  0    Dex: 17    Spells: 14/14 levels left

rFire    . . .     SeeInvis .   A - +8 great sword "Oggosiru" {chaos, Int+3}
rCold    . . .     Gourm    +   (shield currently unavailable)
rNeg     + + +     Faith    .   (armour unavailable)
rPois    ∞         Spirit   .   y - +0 hat
rElec    .         Reflect  .   F - +2 cloak {MR+}
rCorr    .         Harm     .   d - +1 pair of gloves
MR       ++++.                  (no boots)
Stlth    ..........             k - amulet of the gourmand
Regen    1.5/turn               u - ring of poison resistance
MPRegen  0.2/turn               E - +6 ring of protection

@: berserking, petrified, regenerating, studying Fighting
A: breathe steam, unfitting armour, robust 1, cold-blooded, AC +9
a: Breathe Steam, Berserk, Trog's Hand, Brothers in Arms, Burn Spellbooks,
Renounce Religion


You were on level 4 of the Swamp.
You worshipped Trog.
Trog was extremely pleased with you.
You were not hungry.

You visited 3 branches of the dungeon, and saw 21 of its levels.

You collected 1520 gold pieces.

Inventory:

Hand Weapons
 c - a +4 demon blade of venom
 r - a +1 arbalest of freezing
 A - the +8 great sword "Oggosiru" (weapon) {chaos, Int+3}
   (Trog gifted it to you on level 11 of the Dungeon)

   Each time it hits an enemy it has a different, random effect.
   It affects your intelligence (+3).
 J - a +4 antimagic triple sword
Armour
 d - a +1 pair of gloves (worn)
 t - a +2 shield
 y - a +0 hat (worn)
 F - a +2 cloak of magic resistance (worn)
Jewellery
 a - a +3 ring of strength
 b - an uncursed ring of stealth
 k - an amulet of the gourmand (around neck)
 n - a +4 ring of protection
 u - a ring of poison resistance (left hand)
 D - the ring of Dawn {Ice rElec rN+ MP-9 SInv}
   (You found it on level 1 of the Lair of Beasts)

   [ring of ice]

   It enhances your ice magic.
   It makes you vulnerable to fire.
   It protects you from cold.
   It insulates you from electricity.
   It protects you from negative energy.
   It affects your magic capacity (-9).
   It lets you see invisible.
 E - a +6 ring of protection (right hand)
 I - the ring "Qiwocw Taakk" {*Tele Int+9 SInv}
   (You found it on level 2 of the Lair of Beasts)

   [ring of teleportation]

   It may teleport you next to monsters.
   It affects your intelligence (+9).
   It lets you see invisible.
 K - an uncursed ring of positive energy
Scrolls
 g - 4 scrolls of identify
 i - 11 scrolls of remove curse
 j - 10 scrolls of teleportation
 l - 7 scrolls of immolation
 w - 2 scrolls of fear
 B - 4 scrolls of enchant armour
 C - 2 scrolls of holy word
 G - 2 scrolls of recharging
 M - a scroll of magic mapping
 N - a scroll of blinking
Potions
 e - 5 potions of brilliance
 f - a potion of haste
 h - a potion of magic
 m - 4 potions of curing
 o - a potion of might
 p - 4 potions of resistance
 q - a potion of heal wounds
 H - a potion of agility
Books
 L - a manual of Fighting
Comestibles
 s - 14 bread rations
 v - 10 royal jellies
 x - 10 fruits
 z - 9 meat rations


   Skills:
 + Level 16.3 Fighting
 - Level 20.0 Long Blades
 - Level 10.1 Dodging


You had 14 spell levels left.
You didn't know any spells.

Dungeon Overview and Level Annotations

Branches:
Dungeon (11/15)            Temple (0/1) D:5            Lair (6/6) D:11
  Swamp (4/4) Lair:2       Spider (0/4) Lair:2        Slime (0/5) Lair:6
    Orc (0/2) D:9

Altars:
Ashenzari
Cheibriados
Dithmenos
Elyvilon
Fedhas
Gozag
Hepliaklqana
Okawaru
Ru
Sif Muna
Trog
Uskayaw
Vehumet
Xom
Zin
Jiyva

Annotations:
D:6 exclusion: statue
Lair:1 exclusion: 4 oklob plants
Swamp:3 exclusion: Roxanne, Roxanne
Swamp:4 Mara


Innate Abilities, Weirdness & Mutations

You can breathe blasts of scalding, opaque steam.
Your pale cyan-grey scales are hard. (AC +9)
You cannot fit into any form of body armour.
You are cold-blooded and may be slowed by cold attacks.
You are robust. (+10% HP)


Message History

Fenrisulfr's illusion freezes you.
The vampire mosquito bites you but does no damage. x3
The spiny frog stings you but does no damage.
Mara hits you with a demon blade of electrocution!!
* * * LOW HITPOINT WARNING * * *
The vampire mosquito bites you but does no damage.
Mara hits you with a demon blade of electrocution!
* * * LOW HITPOINT WARNING * * *
You are electrocuted!
* * * LOW HITPOINT WARNING * * *
The vampire mosquito bites you!
* * * LOW HITPOINT WARNING * * *
The blink frog blinks!
The vampire mosquito bites you but does no damage.
Mara hits you with a demon blade of electrocution!!
* * * LOW HITPOINT WARNING * * *
Fenrisulfr's illusion hits you!!
* * * LOW HITPOINT WARNING * * *
Fenrisulfr's illusion freezes you.
You die...

♣.....≈≈≈≈♣≈...≈♣♣♣♣♣♣.≈
≈≈≈≈≈≈≈≈.≈≈≈.♣♣♣♣ ≈.♣≈
≈≈≈≈≈≈≈<.≈≈≈.♣ ♣.≈.♣.
≈≈≈≈≈.......♣♣ ♣♣♣♣♣♣
......≈§≈≈≈≈♣
♣♣♣♣♣.≈≈≈≈.♣♣ . ♣.§§≈.F♣
≈.≈.♣§RRR≈♣♣♣♣.
≈≈...§@@y§.....
≈≈≈≈≈§yyFk≈}...
≈≈.F≈≈.§..(≈≈≈≈≈
♣≈..≈.....≈≈≈≈≈.
..≈§≈≈≈..≈≈≈≈≈≈.
≈?≈≈≈≈≈..≈≈≈≈≈≈.
♣≈≈≈≈≈≈.≈≈≈≈≈..
♣≈..≈≈≈D≈≈≈≈≈..


You could see 3 Maras, a seven-headed hydra (wandering), a spiny frog, 2 blink
frogs, a swamp drake, 3 vampire mosquitoes and Fenrisulfr's illusion.

Vanquished Creatures
  A tentacled monstrosity (Swamp:1)
  An azure jelly (Lair:6)
  7 dire elephants (Lair:6)
  15 hydras
  An anaconda (Lair:6)
  A catoblepas (Lair:3)
  4 two-headed ogres
  Erica (Lair:1)
  14 alligators
  5 death yaks (D:11)
  Sonja (D:10)
  A spriggan druid (Swamp:3)
  A swamp dragon (Swamp:1)
  The ghost of gressup the Insei, a novice OpTm (D:5)
  Joseph (Lair:1)
  4 elephants (Lair:6)
  2 centaur zombies
  6 black mambas
  2 rime drakes
  10 spiny frogs
  A komodo dragon (Lair:4)
  7 hornets
  2 trolls (D:11)
  Prince Ribbit (D:5)
  2 polar bears
  4 slime creatures (Swamp:3)
  4 bog bodies
  6 blink frogs
  6 tyrant leeches
  Grinder (D:3)
  10 dream sheep
  12 hippogriffs
  Sigmund (D:2)
  2 shadows
  8 spriggans
  3 basilisks
  31 yaks
  A wyvern (D:9)
  A hog (shapeshifter) (Lair:5)
  4 hungry ghosts
  12 vampire mosquitoes
  5 insubstantial wisps (Swamp:3)
  2 two-headed ogre zombies (D:9)
  11 swamp worms
  10 water moccasins
  8 porcupines
  2 orc warriors
  4 swamp drakes
  A black bear (D:8)
  2 sky beasts
  9 ogres
  5 wolves (Lair:3)
  A centaur (D:9)
  7 crocodiles
  13 bullfrogs
  5 big kobolds
  A wyvern skeleton (D:9)
  2 scorpions
  2 troll zombies (D:9)
  5 wights (D:8)
  4 electric eels
  4 crimson imps
  A bullfrog zombie (D:11)
  2 quasits
  10 hounds
  2 centaur skeletons
  8 orc priests
  Crazy Yiuf (D:2)
  2 jellies
  4 orc wizards
  A bullfrog skeleton (D:10)
  4 iguanas
  Jessica (D:3)
  Terence (D:3)
  3 worker ants
  A killer bee zombie (D:9)
  4 ogre zombies (D:9)
  2 hound skeletons
  8 adders
  4 gnolls (D:8)
  2 howler monkey skeletons
  A shadow imp (D:7)
  An ooze (D:4)
  An adder skeleton (D:3)
  An adder zombie (D:5)
  2 worms (D:4)
  4 dart slugs
  3 leopard geckos
  40 orcs
  9 giant cockroaches
  12 goblins
  10 hobgoblins
  7 jackals
  24 kobolds
  3 quokkas
  A ball python (D:1)
  10 bats
  10 frilled lizards
  2 goblin skeletons (D:9)
  7 goblin zombies (D:9)
  3 hobgoblin skeletons (D:9)
  6 hobgoblin zombies (D:9)
  2 leopard gecko skeletons
  2 orc skeletons (D:9)
  5 orc zombies (D:9)
  13 rats
  2 plants (Lair:6)
543 creatures vanquished.

Vanquished Creatures (others)
  A spriggan druid (Swamp:3)
  A yak (Lair:4)
  A kobold (D:5)
  10 fungi
  9 plants
22 creatures vanquished.

Grand Total: 565 creatures vanquished

Notes
Turn   | Place    | Note
-------+----------+-------------------------------------------
     0 | D:1      | Fenrisulfr the Draconian Berserker began the quest for the Orb.
     0 | D:1      | Reached XP level 1. HP: 19/19 MP: 1/1
   101 | D:1      | Reached XP level 2. HP: 26/26 MP: 2/2
   487 | D:1      | Reached XP level 3. HP: 31/31 MP: 3/3
   595 | D:2      | Reached ** piety under Trog
   619 | D:2      | Found a hazy altar of Hepliaklqana.
   983 | D:2      | Found a runed door.
   987 | D:2      | Noticed Crazy Yiuf
   995 | D:2      | Killed Crazy Yiuf
   995 | D:2      | Reached XP level 4. HP: 41/41 MP: 4/4
  1201 | D:2      | Noticed Sigmund
  1207 | D:2      | Killed Sigmund
  1207 | D:2      | Reached XP level 5. HP: 50/50 MP: 5/5
  1324 | D:3      | Found a deep blue altar of Sif Muna.
  1391 | D:3      | Found a shimmering altar of Xom.
  1403 | D:3      | Found a sacrificial altar of Ru.
  1486 | D:3      | Reached XP level 6. HP: 57/58 MP: 6/6
  1629 | D:3      | Reached *** piety under Trog
  1813 | D:3      | Noticed Jessica
  1817 | D:3      | Killed Jessica
  1913 | D:3      | Noticed Grinder
  1925 | D:3      | Paralysed by Grinder for 7 turns
  1937 | D:3      | HP: 3/60 [Grinder (3)]
  1938 | D:3      | Killed Grinder
  1938 | D:3      | Your scales start taking on a pale cyan-grey colour.
  1938 | D:3      | Reached XP level 7. HP: 3/68 MP: 7/7
  2465 | D:3      | Noticed Terence
  2472 | D:3      | Killed Terence
  2694 | D:4      | Found an opulent altar of Gozag.
  2709 | D:4      | Received a gift from Trog
  2803 | D:4      | Found a shattered altar of Ashenzari.
  3104 | D:4      | Reached **** piety under Trog
  3423 | D:5      | Entered Level 5 of the Dungeon
  3423 | D:5      | Found a snail-covered altar of Cheibriados.
  3439 | D:5      | Found a bloodstained altar of Trog.
  3602 | D:5      | Found a glowing silver altar of Zin.
  3636 | D:5      | Reached skill level 5 in Dodging
  3776 | D:5      | Noticed gressup's ghost (novice OpTm)
  3786 | D:5      | Killed gressup's ghost
  3786 | D:5      | Reached XP level 8. HP: 78/78 MP: 8/8
  3825 | D:5      | Noticed Prince Ribbit
  3835 | D:5      | Killed Prince Ribbit
  3885 | D:5      | Found a staircase to the Ecumenical Temple.
  4171 | D:6      | Found a radiant altar of Vehumet.
  4362 | D:6      | Found a shadowy altar of Dithmenos.
  4714 | D:6      | Identified a scroll of acquirement
  4834 | D:7      | Found a blossoming altar of Fedhas.
  4935 | D:7      | Reached XP level 9. HP: 81/83 MP: 3/9
  4964 | D:7      | Reached skill level 4 in Long Blades
  5190 | D:8      | Reached skill level 5 in Long Blades
  5261 | D:8      | Reached skill level 6 in Long Blades
  5323 | D:8      | Noticed a two-headed ogre
  5332 | D:8      | Killed a two-headed ogre
  5332 | D:8      | Reached skill level 8 in Long Blades
  5442 | D:8      | Noticed a two-headed ogre
  5457 | D:8      | Killed a two-headed ogre
  5457 | D:8      | Reached skill level 9 in Long Blades
  5457 | D:8      | Reached XP level 10. HP: 82/91 MP: 3/10
  5737 | D:8      | Noticed a two-headed ogre
  5744 | D:8      | Killed a two-headed ogre
  5744 | D:8      | Reached skill level 10 in Long Blades
  5975 | D:8      | Found a white marble altar of Elyvilon.
  6072 | D:8      | Reached ***** piety under Trog
  6318 | D:9      | Reached skill level 11 in Long Blades
  6465 | D:9      | Found a staircase to the Orcish Mines.
  6936 | D:9      | Reached skill level 12 in Long Blades
  7279 | D:9      | Received a gift from Trog
  7290 | D:9      | Found a hide-covered altar of Uskayaw.
  7600 | D:9      | Gained mutation: Your muscles are strong. (Str +2) [potion of mutation]
  7600 | D:9      | Gained mutation: You are resistant to electric shocks. (rElec) [potion of mutation]
  7600 | D:9      | Gained mutation: You are clumsy. (Dex -2) [potion of mutation]
  7600 | D:9      | Gained mutation: You have sharp toenails. [potion of mutation]
  7769 | D:10     | Entered Level 10 of the Dungeon
  7770 | D:10     | Lost mutation: Your muscles are strong. (Str +2) [potion of mutation]
  7770 | D:10     | Lost mutation: You are clumsy. (Dex -2) [potion of mutation]
  7770 | D:10     | Lost mutation: You have sharp toenails. [potion of mutation]
  7770 | D:10     | Gained mutation: You evolve. [potion of mutation]
  7770 | D:10     | Gained mutation: You have sharp fingernails. [potion of mutation]
  7771 | D:10     | Lost mutation: You are resistant to electric shocks. (rElec) [potion of mutation]
  7771 | D:10     | Lost mutation: You have sharp fingernails. [potion of mutation]
  7771 | D:10     | Gained mutation: You are dopey. (Int -2) [potion of mutation]
  7771 | D:10     | Gained mutation: Your magical capacity is low. (-10% MP) [potion of mutation]
  7771 | D:10     | Gained mutation: You are agile. (Dex +2) [potion of mutation]
  7878 | D:10     | Reached XP level 11. HP: 95/97 MP: 3/9
  7947 | D:10     | Noticed Sonja
  7959 | D:10     | Killed Sonja
  8085 | D:10     | Reached skill level 13 in Long Blades
  8675 | D:11     | Noticed a two-headed ogre
  8680 | D:11     | Killed a two-headed ogre
  8733 | D:11     | Got a twisted helmet
  8767 | D:11     | Found a staircase to the Lair.
  8770 | D:11     | Noticed a death yak
  8770 | D:11     | Noticed a death yak
  8771 | D:11     | Noticed a death yak
  8771 | D:11     | Noticed a death yak
  8802 | D:11     | Noticed a death yak
  8803 | D:11     | Noticed a death yak
  8811 | D:11     | Killed a death yak
  8811 | D:11     | Reached skill level 14 in Long Blades
  8819 | D:11     | Killed a death yak
  9259 | D:11     | Killed a death yak
  9265 | D:11     | Killed a death yak
  9265 | D:11     | Received a gift from Trog
  9270 | D:11     | Killed a death yak
  9270 | D:11     | Reached skill level 15 in Long Blades
  9272 | D:11     | Got a faintly glowing great sword {god gift}
  9275 | D:11     | Identified the +8 great sword "Oggosiru" {chaos, Int+3} (Trog gifted it to you on level 11 of the Dungeon)
  9362 | D:11     | Lost mutation: You evolve. [potion of mutation]
  9362 | D:11     | Lost mutation: You are agile. (Dex +2) [potion of mutation]
  9362 | D:11     | Lost mutation: Your magical capacity is low. (-10% MP) [potion of mutation]
  9362 | D:11     | Lost mutation: You are dopey. (Int -2) [potion of mutation]
  9362 | D:11     | Gained mutation: You are agile. (Dex +2) [potion of mutation]
  9362 | D:11     | Lost mutation: You are agile. (Dex +2) [potion of mutation]
  9362 | D:11     | Gained mutation: You are robust. (+10% HP) [potion of mutation]
  9366 | D:11     | Found an iron altar of Okawaru.
  9610 | Lair:1   | Entered Level 1 of the Lair of Beasts
  9615 | Lair:1   | Noticed Erica
  9626 | Lair:1   | Killed Erica
  9803 | Lair:1   | Got a faintly glowing steel ring
  9809 | Lair:1   | Noticed Joseph
  9819 | Lair:1   | Killed Joseph
  9819 | Lair:1   | Reached skill level 10 in Fighting
  9819 | Lair:1   | Reached XP level 12. HP: 108/116 MP: 12/12
 10553 | Lair:2   | Found a staircase to the Swamp.
 10757 | Lair:2   | Got a shimmering amber ring
 10811 | Lair:2   | Found a hole to the Spider Nest.
 10867 | Lair:2   | Found a labyrinth entrance.
 10870 | Lair:2   | Noticed a four-headed hydra
 10882 | Lair:2   | Killed a 13-headed hydra
 11455 | Lair:2   | Identified the ring of Dawn {Ice rElec rN+ MP-9 SInv} (You found it on level 1 of the Lair of Beasts)
 11456 | Lair:2   | Identified the ring "Qiwocw Taakk" {*Tele Int+9 SInv} (You found it on level 2 of the Lair of Beasts)
 11584 | Lair:3   | Noticed a catoblepas
 11706 | Lair:3   | Noticed an eight-headed hydra
 11725 | Lair:3   | Killed an 11-headed hydra
 11725 | Lair:3   | Reached skill level 10 in Dodging
 12091 | Lair:3   | Killed a catoblepas
 12473 | Lair:3   | Noticed a seven-headed hydra
 12483 | Lair:3   | Killed an 11-headed hydra
 12906 | Lair:4   | Noticed a six-headed hydra
 12918 | Lair:4   | Killed an 11-headed hydra
 12918 | Lair:4   | Reached skill level 16 in Long Blades
 13317 | Lair:4   | Noticed a seven-headed hydra
 13324 | Lair:4   | Killed an 11-headed hydra
 13478 | Lair:4   | Noticed a four-headed hydra
 13487 | Lair:4   | Killed an eight-headed hydra
 13487 | Lair:4   | Reached XP level 13. HP: 126/126 MP: 13/13
 14526 | Lair:5   | Reached skill level 17 in Long Blades
 15136 | Lair:6   | Entered Level 6 of the Lair of Beasts
 15136 | Lair:6   | Found a viscous altar of Jiyva.
 15136 | Lair:6   | Found a staircase to the Slime Pits.
 16059 | Lair:6   | Reached skill level 18 in Long Blades
 16167 | Lair:6   | Received a gift from Trog
 16404 | Lair:6   | Noticed a dire elephant
 16404 | Lair:6   | Noticed a dire elephant
 16413 | Lair:6   | Killed a dire elephant
 16416 | Lair:6   | Killed a dire elephant
 16837 | Lair:6   | Noticed a dire elephant
 16848 | Lair:6   | Killed a dire elephant
 17146 | Lair:6   | Noticed a dire elephant
 17155 | Lair:6   | Killed a dire elephant
 17302 | Lair:6   | Noticed an azure jelly
 17313 | Lair:6   | Killed an azure jelly
 17512 | Lair:6   | Noticed a dire elephant
 17558 | Lair:6   | Reached XP level 14. HP: 134/134 MP: 5/14
 17917 | Lair:6   | Reached skill level 19 in Long Blades
 18282 | Swamp:1  | Entered Level 1 of the Swamp
 18630 | Swamp:1  | Noticed a tentacled monstrosity
 18778 | Swamp:1  | Killed a tentacled monstrosity
 19905 | Swamp:2  | Reached skill level 20 in Long Blades
 21340 | Swamp:3  | Received a gift from Trog
 21725 | Swamp:3  | Noticed Roxanne
 22116 | Swamp:3  | Reached skill level 15 in Fighting
 22506 | Swamp:3  | Reached XP level 15. HP: 155/157 MP: 15/15
 22790 | Swamp:4  | Entered Level 4 of the Swamp
 23018 | Swamp:4  | Noticed Mara
 23022 | Swamp:4  | Noticed Fenrisulfr's illusion
 23033 | Swamp:4  | HP: 2/238 [Fenrisulfr's illusion[Mara] (10)]
 23033 | Swamp:4  | Slain by Fenrisulfr's illusion

Skill      XL: |  1  2  3  4  5  6  7  8  9 10 11 12 13 14 15 |
---------------+----------------------------------------------+-----
Dodging        | 3 4 6 8 10 | 10.1
Fighting       | 4 6 8 9 10 15 16 | 16.3
Long Blades    | 9 12 15 16 18 20 | 20.0

Action                   |  1- 3 |  4- 6 |  7- 9 | 10-12 | 13-15 || total
-------------------------+-------+-------+-------+-------+-------++-------
Melee: Falchion          |   118 |       |       |       |       ||   118
       Tailslap          |    16 |     7 |    35 |   110 |   112 ||   280
       Quarterstaff      |       |    75 |   189 |       |       ||   264
       Demon blade       |       |       |    69 |   430 |       ||   499
       Kick              |       |       |       |     1 |       ||     1
       Great sword       |       |       |       |   179 |   536 ||   715
Invok: Berserk           |     1 |     2 |     5 |    15 |    18 ||    41
       Burn Spellbooks   |       |       |     1 |     4 |     1 ||     6
       Trog's Hand       |       |       |     1 |     7 |     1 ||     9
 Abil: Breathe Steam     |       |       |       |    10 |     1 ||    11
Evoke: Wand              |       |       |       |       |     2 ||     2
  Use: Scroll            |     3 |     4 |     8 |    18 |    12 ||    45
       Potion            |       |       |       |    13 |     3 ||    16
 Stab: Sleeping          |     2 |       |     1 |       |       ||     3
       Distracted        |       |       |       |     2 |       ||     2
       Confused          |       |       |       |       |     4 ||     4
       Paralysed         |       |       |       |       |     6 ||     6
       Petrifying        |       |       |       |       |     5 ||     5
       Petrified         |       |       |       |       |     3 ||     3
  Eat: Chunk             |     1 |       |    15 |    52 |    40 ||   108
       Bread ration      |       |     1 |       |     1 |       ||     2
       Fruit             |       |       |     2 |     1 |       ||     3
       Royal jelly       |       |       |       |     1 |       ||     1
Armor: Skin              |    31 |    22 |   113 |   197 |   241 ||   604
Dodge: Dodged            |    84 |    39 |   281 |   479 |   461 ||  1344
       Rpst.: Falchion   |    23 |       |       |       |       ||    23
       Demon blade       |       |       |    23 |    68 |       ||    91
       Great sword       |       |       |       |    45 |    94 ||   139
